AoeStats
← 安心

Arabia

510716397Analyzed
1v1 RM · 13h ago on Oct 2, 2026· 24m 1s· 2 players
Game mode
Random Map
Map size
Tiny (2 player)
Population
200
Speed
Normal
Resources
Standard
Victory
Conquest
Starting age
Dark Age
Ending age
Imperial Age
RankedLock teamsTeams togetherTeam positionsShared explorationLock speedFull tech treeHidden civsTurbo modeCheats
Victory
Defeat
🇳🇿 Saxons · New Zealand
1468
+16
🇨🇳 Cumans · China
1458
-16
安心
6:20 Loom
8:34 Feudal Age
12:02 Double-Bit Axe
15:35 Town Watch
23:15 Castle Age
Fish745
8:03 Loom
11:24 Feudal Age
15:27 Castle Age
15:36 Fletching
Connection lost

Rejoining the realm…

Still unreachable

The connection could not be restored.

Session expired

The server has moved on; the page needs a fresh start.